 Dungeon Crawl Stone Soup version 0.30-a0-364-gf6b3ef1049 (webtiles) character file.

Game seed: 14653006769297579590

8205 mcwallace the Covert (level 11, -2/67 HPs)
             Began as a Kobold Enchanter on Nov 16, 2022.
             Was an Initiate of Cheibriados.
             Slain by an anaconda simulacrum (9 damage)
             ... in an ice cave.
             The game lasted 00:26:21 (10658 turns).

mcwallace the Covert (Kobold Enchanter)            Turns: 10658, Time: 00:26:22

Health: -2/67      AC:  9    Str:  6    XL:     11   Next: 51%
Magic:  14/21      EV: 24    Int: 21    God:    Cheibriados [......]
Gold:   699        SH:  0    Dex: 29    Spells: 10/24 levels left

rFire   . . .      SeeInvis .    K - +9 whip of Bodily Harmony {protect, Dex+5, mace}
rCold   + + .      Faith    .    (no shield)
rNeg    . . .      Spirit   .    q - +0 robe {rC+}
rPois   .          Reflect  .    p - +2 helmet
rElec   .          Harm     .    f - +0 cloak
rCorr   .          Rampage  .    Y - +0 pair of gloves "Yloozaod" {Will+ Int+3 Dex+3 Stlth+}
Will    +....                    A - +1 pair of boots
Stlth   +++++++...               (no amulet)
HPRegen 0.31/turn                H - ring of wizardry
MPRegen 0.17/turn                b - ring of protection from cold

@: very slow
A: small, no large weapons, nightstalker 3
a: Renounce Religion


You were in an ice cave.
You worshipped Cheibriados.
Cheibriados was noncommittal.
You visited 3 branches of the dungeon, and saw 12 of its levels.
You also visited: Ice Cave.

You collected 759 gold pieces.
You spent 60 gold pieces at shops.


Innate Abilities, Weirdness & Mutations

You are small and have problems with some larger weapons.
You are completely attuned to the shadows.


   Skills:
 + Level 7.5 Fighting
 + Level 9.2 Short Blades
 - Level 8.4 Dodging
 + Level 10.8 Stealth
 - Level 7.1 Spellcasting
 - Level 7.6 Hexes
 + Level 0.1 Poison Magic
 + Level 2.1 Invocations
 + Level 2.2 Evocations


You had 10 spell levels left.
You knew the following spells:

 Your Spells              Type           Power      Damage    Failure   Level
a - Ensorcelled Hibernat  Hex/Ice        46%        N/A       1%          2
b - Tukima's Dance        Hex            39%        N/A       1%          3
c - Confusing Touch       Hex            39%        N/A       1%          3
d - Dazzling Flash        Conj/Hex       46%        N/A       2%          3
e - Call Canine Familiar  Summ           7%         N/A       11%         3

Your spell library contained the following spells:

 Spells                   Type           Power      Damage    Failure   Level
 Summon Guardian Golem    Hex/Summ       23%        N/A       2%          3
 Apportation              Tloc           14%        N/A       3%          1
 Magic Dart               Conj           28%        1d4       3%          1
 Necrotise                Necr           28%        1d5       3%          1
 Sting                    Tmut/Pois      28%        1d4       3%          1
 Summon Small Mammal      Summ           28%        N/A       3%          1
 Call Imp                 Summ           7%         N/A       5%          2
 Poisonous Vapours        Pois/Air       14%        N/A       5%          2
 Static Discharge         Conj/Air       14%        2-3/arc   5%          2
 Anguish                  Hex/Necr       11%        N/A       8%          4
 Mephitic Cloud           Conj/Pois/Air  7%         N/A       11%         3
 Ozocubu's Armour         Ice            7%         N/A       11%         3
 Spider Form              Tmut/Pois      7%         N/A       11%         3
 Vhi's Electric Charge    Tloc/Air       14%        N/A       11%         3
 Olgreb's Toxic Radiance  Pois           8%         N/A       32%         4
 Arcjolt                  Conj/Air       3%         1d13      65%         5
 Lightning Bolt           Conj/Air       3%         1d15      65%         5
 Ozocubu's Refrigeration  Ice            3%         4d8       100%        7

Inventory:

Hand Weapons
 a - the +8 long sword "Udasuts" {vorpal, rN++ Will+ rCorr Str-5, long}
   (You found it on level 10 of the Dungeon)

   It inflicts extra damage upon your enemies.
   Str:       It affects your strength (-5).
   rN:        It greatly protects you from negative energy.
   rCorr:     It protects you from acid and corrosion.
   Will:      It increases your willpower.
 J - a +1 short sword of draining {short}
   (You found it on level 3 of the Dungeon)
 K - the +9 whip of Bodily Harmony (weapon) {protect, Dex+5, mace}
   (You found it on level 3 of the Dungeon)

   It grants its wielder temporary protection when it strikes (+7 to AC).
   Dex:       It affects your dexterity (+5).
Missiles
 d - 127 stones (quivered) {throwing}
 e - 6 datura-tipped darts {throwing}
 F - 30 poisoned darts {throwing}
 Z - a curare-tipped dart {=fthrowing}
Armour
 f - a +0 cloak (worn)
   (You found it on level 1 of the Dungeon)
 p - a +2 helmet (worn)
   (You found it on level 6 of the Dungeon)
 q - a +0 robe of cold resistance (worn)
   (You found it on level 5 of the Dungeon)
 A - a +1 pair of boots (worn)
   (You found it on level 3 of the Dungeon)
 E - a +0 scale mail
   (You found it on level 2 of the Dungeon)
 L - a +0 helmet
   (You found it on level 3 of the Dungeon)
 R - a +0 robe
   (You took it off Sigmund on level 5 of the Dungeon)
 T - a +0 ring mail
   (You found it on level 5 of the Dungeon)
 U - a +0 ring mail
   (You found it on level 5 of the Dungeon)
 V - a +0 ring mail
   (You took it off an orc on level 5 of the Dungeon)
 W - a +0 robe
   (You took it off an orc wizard on level 5 of the Dungeon)
 Y - the +0 pair of gloves "Yloozaod" (worn) {Will+ Int+3 Dex+3 Stlth+}
   (You found it on level 6 of the Dungeon)

   Int:       It affects your intelligence (+3).
   Dex:       It affects your dexterity (+3).
   Will:      It increases your willpower.
   Stlth:     It makes you more stealthy.
Jewellery
 b - a ring of protection from cold (right hand)
   (You found it on level 6 of the Dungeon)
 s - a ring of ice
   (You found it on level 1 of the Dungeon)
 x - a ring of fire
   (You found it on level 3 of the Dungeon)
 H - a ring of wizardry (left hand)
   (You found it on level 2 of the Dungeon)
 X - a ring of willpower
   (You found it on level 9 of the Dungeon)
Wands
 w - a wand of paralysis (5)
   (You found it on level 10 of the Dungeon)
 y - a wand of mindburst (2)
   (You found it on level 3 of the Dungeon)
 O - a wand of polymorph (3)
   (You found it on level 4 of the Dungeon)
 Q - a wand of iceblast (18)
   (You found it on level 5 of the Dungeon)
Scrolls
 g - a scroll of fear {unknown}
 h - 2 scrolls of poison {unknown}
 j - a scroll of amnesia {unknown}
 k - a scroll of acquirement {unknown}
 l - a scroll of magic mapping {unknown}
 m - 2 scrolls of immolation {!r!r}
 o - 4 scrolls of fog
 t - a scroll of enchant weapon
 v - 2 scrolls of vulnerability {!r!r}
 z - 2 scrolls of blinking {unknown}
 B - 6 scrolls of teleportation {@r4}
 C - 4 scrolls of noise {!r}
Potions
 c - 3 potions of curing {unknown}
 i - a potion of ambrosia
 n - 2 potions of attraction {unknown}
 u - a potion of mutation {unknown}
 D - 4 potions of brilliance {unknown}
 G - 2 potions of berserk rage {unknown}
 I - 2 potions of degeneration {unknown}
 M - a potion of resistance {unknown}
 N - a potion of invisibility
 P - 3 potions of cancellation {unknown}
 S - a potion of flight {unknown}
Miscellaneous
 r - a lightning rod (4/4)
   (You found it on level 9 of the Dungeon)

Dungeon Overview and Level Annotations

Branches:
Dungeon (10/15) Zot: 38676  Temple (1/1) D:5 Zot: 8793    Lair (1/5) D:10 Zot: 8887
    Orc (0/2) D:9           IceCv (1/1) Zot: 8870

Altars:
Ashenzari
Cheibriados
Dithmenos
Elyvilon
Fedhas
Gozag
Hepliaklqana
Kikubaaqudgha
Makhleb
Nemelex Xobeh
Okawaru
Qazlal
Ru
Sif Muna
Trog
Uskayaw
Vehumet
Wu Jian
Xom
Yredelemnul
Zin
The Shining One

Shops:
D:3 ! D:9

* ###### ##
#.....## #..
#......###...
#.....Z.#....
#.∩..@Z.ZZ...
#.......#....
#......###...
#.....## #..
####### ##


You could see an anaconda simulacrum, 2 death yak simulacra and an elephant
simulacrum.


Message History

You lost 3 mp, and now have 16/21 mp.
There is an ice choked empty arch of ancient stone here. 😎 MP[+1]
What are your orders? t - Shout!
Orders for allies: a - Attack new target. r - Retreat! s - Stop attacking. g - Guard the area. f - Follow me.
Anything else - Cancel.
Gang up on whom?
Press: ? - help, Dir - move target, f - elephant simulacrum
Aim: an elephant simulacrum (dormant) Attack! 😎 MP[+1]
Your hound bites the elephant simulacrum. x2
Your hound bites the elephant simulacrum.
The anaconda simulacrum grabs your hound.
The anaconda simulacrum bites your hound.
The anaconda simulacrum freezes your hound!
Your hound dies!
Your hound's corpse disappears in a puff of smoke!
Casting: Call Canine Familiar (dangerous; 11% risk of failure)
Confirm with . or Enter, or press ? or * to list all spells.
😎 MP[-3]
You lost 3 mp, and now have 15/21 mp.
Your hound bites the elephant simulacrum.
The death yak simulacrum gores your hound!
The death yak simulacrum freezes your hound!!
Your hound dies!
Your hound's corpse disappears in a puff of smoke!
You whack the anaconda simulacrum!
Your weapon exudes an aura of protection.
The anaconda simulacrum completely misses you.
The anaconda simulacrum bites you. The anaconda simulacrum freezes you.
You resist.
The anaconda simulacrum closely misses you.
The anaconda simulacrum bites you. The anaconda simulacrum freezes you!
You resist. 😮 HP[-21]
You take 21 damage, and now have 46/67 hp.
MASSIVE DAMAGE!! (PAUSE) Unknown command.
Casting: Call Canine Familiar (dangerous; 11% risk of failure)
Confirm with . or Enter, or press ? or * to list all spells.
The anaconda simulacrum grabs you.
The anaconda simulacrum closely misses you.
The anaconda simulacrum constricts you. 😮 MP[-2]
You lost 2 mp, and now have 13/21 mp.
You escape the anaconda simulacrum's grasp.
You swap places.
Your hound closely misses the anaconda simulacrum.
The anaconda simulacrum barely misses you.
The anaconda simulacrum misses you. 😮 HP[+1]
You barely miss the anaconda simulacrum.
Your hound bites the anaconda simulacrum.
The anaconda simulacrum grabs you. The anaconda simulacrum bites you.
The anaconda simulacrum freezes you. You resist.
The anaconda simulacrum constricts you.
Your hound misses the anaconda simulacrum.
The death yak simulacrum misses your hound.
The anaconda simulacrum bites you. The anaconda simulacrum freezes you!
You resist.
* * * LOW HITPOINT WARNING * * *
The anaconda simulacrum constricts you.
* * * LOW HITPOINT WARNING * * *
😨 HP[-23]
You take 23 damage, and now have 24/67 hp.
MASSIVE DAMAGE!! (PAUSE)
You whack the anaconda simulacrum!
Your weapon exudes an aura of protection.
Your hound bites the anaconda simulacrum.
The anaconda simulacrum bites you but does no damage.
The anaconda simulacrum constricts you.
The death yak simulacrum gores your hound!
The death yak simulacrum freezes your hound!!
Your hound dies!
Your hound's corpse disappears in a puff of smoke! 😨 HP[+1]
You completely miss the anaconda simulacrum.
The anaconda simulacrum bites you.
* * * LOW HITPOINT WARNING * * *
The anaconda simulacrum freezes you! You resist.
* * * LOW HITPOINT WARNING * * *
The anaconda simulacrum constricts you. The anaconda simulacrum misses you.
The anaconda simulacrum constricts you.
* * * LOW HITPOINT WARNING * * *
😱 HP[-16]
You take 16 damage, and now have 9/67 hp.
MASSIVE DAMAGE!! (PAUSE)
You escape the anaconda simulacrum's grasp.
The anaconda simulacrum attacks as you move away!
The anaconda simulacrum completely misses you.
The anaconda simulacrum misses you.
The anaconda simulacrum closely misses you.
The anaconda simulacrum bites you.
* * * LOW HITPOINT WARNING * * *
The anaconda simulacrum freezes you! You resist.
You die...

Skill      XL: |  1  2  3  4  5  6  7  8  9 10 11 |
---------------+----------------------------------+-----
Short Blades   | 2 3 4 5 7 8 9 |  9.2
Fighting       | 1 2 3 4 5 6 7 |  7.5
Dodging        | 3 4 5 6 8 |  8.4
Stealth        | 5 6 7 8 10 | 10.8
Spellcasting   | 3 4 5 6 7 |  7.1
Hexes          | 4 5 6 7 |  7.6
Invocations    | 2 |  2.1
Evocations     | 2 |  2.2
Poison Magic   | |  0.1

Action                   |  1- 3 |  4- 6 |  7- 9 | 10-12 || total
-------------------------+-------+-------+-------+-------++-------
Melee: Dagger            |    76 |    29 |       |       ||   105
       Punch             |     2 |     1 |     1 |     9 ||    13
       Whip              |       |    54 |   216 |   449 ||   719
 Cast: Ensorcelled Hiber |     1 |     5 |     5 |       ||    11
       Tukima's Dance    |       |     3 |     7 |    18 ||    28
       Call Canine Famil |       |       |       |     3 ||     3
  Use: Potion            |       |     1 |     3 |       ||     4
       Scroll            |       |     4 |       |     4 ||     8
 Stab: Sleeping          |    13 |    18 |    14 |    18 ||    63
       Invisible         |       |     2 |       |       ||     2
       Distracted        |       |       |     2 |     1 ||     3
Armor: Robe              |    11 |    17 |    75 |   153 ||   256
Dodge: Dodged            |    36 |    57 |   207 |   566 ||   866

Levels and vault maps discovered:
D:1:      tarquinn_simple_flora_water_f, layout_basic, minmay_pentomino_u2
D:2:      layout_basic, basic_altar
D:3:      layout_basic, nicolae_ru_path_of_blood, fedhas_altar_2, serial_shops,
          nicolae_shop_waterfront, lexackson_kobold_supper
D:4:      nicolae_cairo_tiling_large, layout_loops_ring,
          nicolae_gozag_cash_rules_everything_around_me,
          nicolae_hepliaklqana_hazy_memory, minmay_misc_feat_tower
D:5:      layout_rooms, nicolae_dithmenos_the_darkroom,
          nicolae_overflow_hidden_temple, mainiacjoe_overflow_alcove_1,
          minmay_temple_entry_overgrown, nrook_mini_vaults, grunt_ministairs_1,
          uniq_menkaure, uniq_sigmund
D:6:      layout_basic, general_overflow_altar, ebering_ghost_sewer_d
D:7:      layout_cave_pools, mainiacjoe_overflow_alcove_2,
          mainiacjoe_overflow_boulevard
D:8:      layout_loops_cross, nzn_wu_jian_contemplation, grunt_ministairs_10
D:9:      cheibrodos_iron_armory, layout_cave_pools, lemuel_doored_altar,
          kennysheep_mini_moat, orc_0_dummy, serial_shops,
          nicolae_take_the_stairs, serial_park_tiny_2
D:10:     layout_roguey, slow_altar_1, lemuel_mausoleum_altar_yredelemnul,
          dpeg_oklobed_lair, dreamdust_mushroom_princess
Temple:   nicolae_temple_great_sept
Lair:1:   layout_cave_pods, portal_ice_cave_entry_ice_simulacra, uniq_gastronok
IceCv:    ice_cave_statue_garden_chambered

Notes
Turn   | Place    | Note
-------+----------+-------------------------------------------
     0 | D:1      | mcwallace the Kobold Enchanter began the quest for the Orb.
     0 | D:1      | Reached XP level 1. HP: 10/10 MP: 3/3
     0 | D:1      | magus.rc [v1.9.6]
    82 | D:1      | Reached XP level 2. HP: 16/16 MP: 5/5
   164 | D:1      | You add the spells Ozocubu's Armour and Ozocubu's
                  | Refrigeration to your library.
   252 | D:1      | Reached XP level 3. HP: 20/20 MP: 6/6
   291 | D:1      | You pick up a book of Cantrips and begin reading...
   291 | D:1      | You add the spells Necrotise, Summon Small Mammal and
                  | Apportation to your library.
   401 | D:1      | Learned a level 2 spell: Ensorcelled Hibernation
   405 | D:1      | Learned a level 3 spell: Tukima's Dance
   470 | D:1      | You pick up a book of Dreams and begin reading...
   470 | D:1      | You add the spells Spider Form and Anguish to your library.
   536 | D:1      | Reached skill level 2 in Short Blades
   961 | D:2      | Reached skill level 1 in Fighting
   961 | D:2      | Reached skill level 3 in Dodging
   992 | D:2      | You add the spells Sting, Poisonous Vapours and Olgreb's
                  | Toxic Radiance to your library.
  1016 | D:2      | You fall into a shaft and drop 1 floor!
  1054 | D:3      | Reached XP level 4. HP: 25/25 MP: 7/7
  1145 | D:3      | Found a blossoming altar of Fedhas.
  1198 | D:3      | Found Soemp's Distillery.
  1404 | D:2      | Found a sacrificial altar of Ru.
  1427 | D:2      | Reached XP level 5. HP: 29/29 MP: 2/9
  1639 | D:2      | You pick up a book of Minor Magic and begin reading...
  1639 | D:2      | You add the spells Magic Dart, Call Imp and Mephitic Cloud
                  | to your library.
  1928 | D:3      | Bought a potion of heal wounds for 60 gold pieces
  1988 | D:3      | You pick up a book of Lightning and begin reading...
  1988 | D:3      | You add the spells Static Discharge, Vhi's Electric Charge,
                  | Lightning Bolt and Arcjolt to your library.
  2091 | D:3      | Found a sacrificial altar of Ru.
  2182 | D:3      | Identified the +9 whip of Bodily Harmony {protect, Dex+5}
  2539 | D:4      | Reached skill level 5 in Stealth
  2637 | D:4      | Reached skill level 2 in Fighting
  2637 | D:4      | Reached skill level 3 in Short Blades
  2637 | D:4      | Reached skill level 3 in Spellcasting
  2637 | D:4      | Reached XP level 6. HP: 35/35 MP: 10/10
  2812 | D:4      | Found a hazy altar of Hepliaklqana.
  3117 | D:4      | Found an opulent altar of Gozag.
  3359 | D:5      | Entered Level 5 of the Dungeon
  3359 | D:5      | Noticed a wyvern
  3409 | D:5      | Noticed an ogre
  3431 | D:5      | Noticed a water moccasin
  3448 | D:5      | Killed a water moccasin
  3449 | D:5      | Reached skill level 4 in Dodging
  3449 | D:5      | Reached skill level 4 in Hexes
  3449 | D:5      | Reached XP level 7. HP: 18/40 MP: 1/12
  3453 | D:5      | Reached skill level 4 in Short Blades
  3590 | D:5      | Found a shadowy altar of Dithmenos.
  3596 | D:5      | Reached skill level 6 in Stealth
  3600 | D:5      | Noticed Sigmund
  3602 | D:5      | Noticed Menkaure
  3604 | D:5      | Killed Sigmund
  3605 | D:5      | Reached skill level 3 in Fighting
  3612 | D:5      | Killed Menkaure
  3613 | D:5      | Reached skill level 4 in Spellcasting
  3613 | D:5      | Reached XP level 8. HP: 36/46 MP: 10/14
  3617 | D:5      | You pick up a book of Callings and begin reading...
  3617 | D:5      | You add the spells Call Canine Familiar and Summon Guardian
                  | Golem to your library.
  3872 | D:5      | HP: 3/46 [wyvern (11)]
  4064 | D:4      | HP: 9/46 [wyvern (6)]
  4066 | D:4      | Killed a wyvern
  4067 | D:4      | Reached skill level 5 in Short Blades
  4067 | D:4      | Reached skill level 5 in Dodging
  4235 | D:5      | Reached skill level 4 in Fighting
  4235 | D:5      | Reached skill level 7 in Stealth
  4304 | D:5      | Reached skill level 5 in Hexes
  4326 | D:5      | Found a staircase to the Ecumenical Temple.
  4334 | Temple   | Entered the Ecumenical Temple
  4639 | D:5      | Found a glowing silver altar of Zin.
  4758 | D:5      | Found a sparkling altar of Nemelex Xobeh.
  4898 | D:6      | Identified the +0 pair of gloves "Yloozaod" {Will+ Int+3
                  | Dex+3 Stlth+}
  5068 | D:6      | Reached XP level 9. HP: 41/52 MP: 13/16
  5247 | D:6      | Found a runed translucent door.
  5256 | D:6      | Noticed KennySheep's ghost (novice DgCj)
  5488 | D:6      | Found a broken altar of Ashenzari.
  5503 | D:6      | Reached skill level 6 in Short Blades
  5503 | D:6      | Reached skill level 6 in Dodging
  5503 | D:6      | Reached skill level 5 in Spellcasting
  6019 | D:6      | Killed KennySheep's ghost
  6020 | D:6      | Reached skill level 5 in Fighting
  6020 | D:6      | Reached skill level 8 in Stealth
  6222 | D:7      | Found a radiant altar of Vehumet.
  6242 | D:7      | Reached skill level 7 in Short Blades
  6484 | D:7      | Reached skill level 6 in Hexes
  6549 | D:7      | Reached XP level 10. HP: 52/59 MP: 16/18
  6660 | D:7      | Found an iron altar of Okawaru.
  6917 | D:7      | Learned a level 3 spell: Confusing Touch
  6921 | D:7      | Learned a level 3 spell: Dazzling Flash
  7000 | D:8      | Found an ornate altar of the Wu Jian Council.
  7023 | D:8      | Reached skill level 7 in Dodging
  7103 | D:8      | Reached skill level 6 in Spellcasting
  7184 | D:8      | Reached skill level 9 in Stealth
  7493 | D:8      | Noticed a two-headed ogre
  7502 | D:8      | Killed a two-headed ogre
  7503 | D:8      | Reached skill level 6 in Fighting
  8129 | D:9      | Reached skill level 8 in Short Blades
  8224 | D:9      | Found a glowing golden altar of the Shining One.
  8290 | D:9      | Found a staircase to the Orcish Mines.
  8644 | D:9      | Found Sythrapt's General Store.
  8857 | D:9      | Found a burning altar of Makhleb.
  8938 | D:10     | Entered Level 10 of the Dungeon
  8957 | D:10     | Found a staircase to the Lair.
  9134 | D:10     | Found a snail-covered altar of Cheibriados.
  9152 | D:10     | Became a worshipper of Cheibriados the Contemplative
  9255 | D:10     | Reached skill level 8 in Dodging
  9346 | D:9      | Noticed a rust devil
  9346 | D:9      | Noticed a rust devil
  9466 | D:10     | Noticed a two-headed ogre
  9468 | D:10     | Noticed a two-headed ogre
  9479 | D:10     | Killed a two-headed ogre
  9480 | D:10     | Reached skill level 10 in Stealth
  9480 | D:10     | Reached skill level 7 in Hexes
  9480 | D:10     | Reached XP level 11. HP: 23/66 MP: 10/21
  9484 | D:10     | Killed a two-headed ogre
  9485 | D:10     | Reached skill level 7 in Fighting
  9485 | D:10     | Reached skill level 7 in Spellcasting
  9827 | D:10     | Noticed a cyclops
  9945 | D:10     | Identified the +8 long sword "Udasuts" {vorpal, rN++ Will+
                  | rCorr Str-5}
 10017 | D:10     | Killed a cyclops
 10018 | D:10     | Reached skill level 1 in Invocations
 10018 | D:10     | Reached skill level 1 in Evocations
 10175 | D:10     | Reached skill level 9 in Short Blades
 10197 | D:10     | Found a basalt altar of Yredelemnul.
 10351 | D:10     | Reached skill level 2 in Invocations
 10351 | D:10     | Reached skill level 2 in Evocations
 10445 | Lair:1   | Entered Level 1 of the Lair of Beasts
 10505 | Lair:1   | Found a frozen archway.
 10534 | IceCv    | Entered an ice cave
 10630 | IceCv    | Learned a level 3 spell: Call Canine Familiar
 10657 | IceCv    | HP: 10/67 [anaconda simulacrum (9)]
 10658 | IceCv    | Slain by an anaconda simulacrum

Vanquished Creatures
  3 two-headed ogres
  A cyclops (D:10)
  4 centaur zombies (D:10)
  The ghost of KennySheep the Conjurer, a novice DgCj (D:6)
  An unseen horror zombie (D:10)
  A troll (D:10)
  A wyvern (D:4)
  A wraith (D:8)
  A death yak simulacrum (Lair:1)
  A steam dragon (D:5)
  Menkaure (D:5)
  A water moccasin (D:5)
  2 ice beasts
  A sky beast (D:8)
  3 orc warriors
  2 black bears
  An ogre (D:5)
  A centaur (D:7)
  2 phantoms
  4 kobold brigands
  2 bullfrogs
  2 necrophages (D:10)
  2 scorpions
  7 wights
  6 killer bees
  4 howler monkeys
  A hound (D:5)
  2 jellies
  A human zombie (D:10)
  A gnoll bouda (D:8)
  4 orc priests
  An iron imp (D:10)
  2 iguanas
  6 orc wizards
  A polar bear simulacrum (Lair:1)
  2 mummies (D:10)
  A howler monkey zombie (D:10)
  7 adders
  9 gnolls
  A shadow imp (D:5)
  3 white imps (D:6)
  An ufetubus (D:7)
  2 worms (D:2)
  2 dart slugs
  20 orcs
  4 ball pythons
  A bat (D:1)
  3 endoplasms
  4 giant cockroaches
  4 goblins
  4 hobgoblins
  2 jackals (D:2)
  A quokka (D:4)
  4 frilled lizards
  29 kobolds
  7 rats
186 creatures vanquished.

Vanquished Creatures (collateral kills)
  Sigmund (D:5)
  An ogre (D:6)
  6 wights
  An adder (D:6)
  An orc (D:7)
10 creatures vanquished.

Vanquished Creatures (others)
  6 dancing weapons
  A howler monkey (D:5)
  11 plants
18 creatures vanquished.

Grand Total: 214 creatures vanquished

Table legend:
 A = Non-vault XP
 B = Vault XP
 C = Vault XP percentage of total XP
 D = Non-vault monster count
 E = Vault monster count
 F = Vault count percentage of total count
                 A         B        C        D         E       F
            +---------+---------+-------+---------+---------+-------
      Total |    8341 |    3381 |  28.8 |     159 |      37 |  18.9
            +---------+---------+-------+---------+---------+-------
        D:1 |      40 |       1 |   2.4 |      16 |       1 |   5.9
        D:2 |      44 |       0 |   0.0 |      14 |       0 |   0.0
        D:3 |      71 |      10 |  12.3 |      10 |       8 |  44.4
        D:4 |     152 |     218 |  58.9 |      10 |       1 |   9.1
        D:5 |     903 |     351 |  28.0 |      13 |       3 |  18.8
        D:6 |     996 |     494 |  33.2 |      28 |       3 |   9.7
        D:7 |    1022 |     100 |   8.9 |      23 |       1 |   4.2
        D:8 |    1606 |       4 |   0.2 |      24 |       3 |  11.1
        D:9 |     762 |     125 |  14.1 |      14 |       1 |   6.7
       D:10 |    2745 |    1857 |  40.4 |       7 |      14 |  66.7
     Lair:1 |       0 |     221 | 100.0 |       0 |       2 | 100.0
            +---------+---------+-------+---------+---------+-------

Illustrated notes

Table legend:
 A = Kills in this place as a percentage of kills in entire the game.
 B = Kills by you in this place as a percentage of kills by you in the entire game.
 C = Kills by friends in this place as a percentage of kills by friends in the entire game.
 D = Other kills in this place as a percentage of other kills in the entire game.
 E = Experience gained in this place as a percentage of experience gained in the entire game.
 F = Experience gained in this place divided by the number of levels of this place that you have seen.
                   A       B       C       D       E      F
               +-------+-------+-------+-------+-------+----------------------
         Total | 100.0 | 100.0 | 100.0 |   N/A | 100.0 | 901.7
       Dungeon |  99.0 |  98.9 | 100.0 |   N/A |  98.1 | 1150.1
          Lair |   1.0 |   1.1 |   0.0 |   N/A |   1.9 | 221.0
               +-------+-------+-------+-------+-------+----------------------

Table legend: (Time is in decaauts)
 A = Elapsed time spent in this place.
 B = Non-inter-level travel time spent in this place.
 C = Inter-level travel time spent in this place.
 D = Time resting spent in this place.
 E = Time spent auto-exploring this place.
 F = Levels seen in this place.
 G = Mean time per level.
                   A        B        C        D        E       F      G
               +--------+--------+--------+--------+--------+-----+--------+
         Total |  10959 |  10193 |    766 |    144 |   7997 |  13 |  843.0 |
       Dungeon |  10580 |   9814 |    766 |     62 |   7880 |  10 | 1058.0 |
        Temple |    137 |    137 |      0 |      0 |    116 |   1 |  137.0 |
          Lair |    112 |    112 |      0 |      0 |      0 |   1 |  112.0 |
      Ice Cave |    129 |    129 |      0 |     82 |      1 |   1 |  129.0 |
               +--------+--------+--------+--------+--------+-----+--------+

Top non-repeatable levels by time:
    D:10: 1704 daAuts
     D:4: 1295 daAuts
     D:6: 1171 daAuts
     D:7: 1082 daAuts
     D:8: 1028 daAuts
     D:5: 1025 daAuts
     D:1: 885 daAuts
     D:3: 879 daAuts
     D:9: 839 daAuts
     D:2: 668 daAuts
  Temple: 137 daAuts
   IceCv: 129 daAuts
  Lair:1: 112 daAuts
